 Dungeon Crawl Stone Soup version 0.29.0-4-gdea44cf6ec (webtiles) character file.

Game seed: 10647454206067260665

98 qw the Chopper (level 4, 0/26 HPs)
             Began as a Tengu Warper on Aug 28, 2022.
             Slain by a gnoll
             ... wielding a +0 flail of protection
              (6 damage)
             ... on level 3 of the Dungeon.
             The game lasted 00:00:14 (2773 turns).

qw the Chopper (Tengu Warper)                       Turns: 2773, Time: 00:00:14

Health: 0/26       AC:  6    Str: 10 (13) XL:     4   Next: 71%
Magic:  8/8        EV:  8    Int: 12 (13) God:
Gold:   154        SH:  0    Dex: 11 (14) Spells: 7/7 levels left

rFire   . . .      SeeInvis .   Y - +0 hand axe
rCold   . . .      Faith    .   (no shield)
rNeg    . . .      Spirit   .   i - +0 scale mail
rPois   .          Reflect  .   (helmet restricted)
rElec   .          Harm     .   (no cloak)
rCorr   +          Rampage  .   (no gloves)
Will    .....                   (boots unavailable)
Stlth   ..........              (no amulet)
HPRegen 0.08/turn               f - ring of resist corrosion
MPRegen 0.11/turn               (no ring)

@: no status effects
A: beak, talons 3
a: no special abilities


You were on level 3 of the Dungeon.
You visited 1 branch of the dungeon, and saw 3 of its levels.

You collected 154 gold pieces.


Innate Abilities, Weirdness & Mutations

You have a beak for a mouth.
You have claws for feet.


   Skills:
 - Level 2.0 Fighting
 + Level 5.2 Axes
 - Level 1.0 Throwing
 - Level 1.1 Armour
 - Level 2.1 Dodging
 - Level 2.0 Spellcasting
 - Level 2.4 Translocations


You had 7 spell levels left.
You didn't know any spells.
Your spell library contained the following spells:

 Spells                   Type           Power      Damage    Failure   Level
 Blink                    Tloc           12%        N/A       73%         2
 Gell's Gravitas          Tloc           6%         N/A       91%         3
 Lesser Beckoning         Tloc           6%         N/A       91%         3
 Teleport Other           Tloc           6%         N/A       91%         3
 Manifold Assault         Tloc           6%         N/A       100%        5

Inventory:

Hand Weapons
 j - a +0 whip
 Y - a +0 hand axe (weapon)
Armour
 i - a +0 scale mail (worn)
Jewellery
 f - a ring of resist corrosion (left hand)
Scrolls
 k - a scroll of identify
Potions
 a - a potion of mutation
 c - a potion of curing {unknown}
 g - a potion of magic {unknown}

Dungeon Overview and Level Annotations

Branches:
Dungeon (3/15)

Altars:

Annotations:
D:2 1 runed translucent door, Crazy Yiuf


Message History

You see here a +0 short sword.
A gnoll comes into view.
It is wielding a +0 flail of protection.
The gnoll shouts!
Enter note: A gnoll comes into view. It is wielding a +0 club.
The gnoll shouts!
You hear a shout! x2
A gnoll comes into view. It is wielding a +0 spear.
A goblin comes into view. It is wielding a +0 club.
You hear a shout! 2 goblins come into view.
The goblin shouts! x2; The gnoll shouts!
A bat comes into view.
A gnoll comes into view. It is wielding a +0 flail.
An ufetubus comes into view.
The ufetubus shouts!
The gnoll shouts!
You hear an angry hiss.
The bat hits you but does no damage.
The gnoll hits you with a +0 flail of protection.
You hit the gnoll.
The gnoll is moderately wounded.
You miss the bat. You hit the goblin but do no damage.
The bat barely misses you. The bat hits you but does no damage.
The gnoll barely misses you. The goblin barely misses you.
You closely miss the gnoll. Your kick misses the gnoll.
Your peck misses the gnoll.
The gnoll is moderately wounded.
You barely miss the bat. You hit the goblin.
You hit the gnoll but do no damage. The bat hits you.
A hobgoblin comes into view.
The gnoll hits you with a +0 club.
The gnoll hits you from afar with a +0 spear.
The gnoll hits you with a +0 flail of protection!
You completely miss the goblin.
The hobgoblin shouts!
You claw the goblin.
You kill the goblin!
You hit the gnoll. You closely miss the bat. You hit the gnoll.
You hear a shout!
The bat hits you but does no damage.
The gnoll hits you with a +0 flail of protection.
You die...

#.#.#.# #..##
##.#.#.###...##
####.#..#....<.#.#
#...###.#.#.##....
###
#.##.#.##....)####
....
##.###.........####
#....#..#
####..........
#....gb.###
##.....#.##
.##..#)@..#
#.........
##.#ggg.#
####....## . #gg..#
#.#### # ...5...
#.# .##.....# #.#
.. #...#.# #.# .#
#g..#.# #.# ##
...## # #.# #.#


You could see 4 gnolls, an ufetubus, a hobgoblin, 2 goblins and a bat.

Vanquished Creatures
  Jessica (D:2)
  2 adders (D:2)
  A worm (D:2)
  A dart slug (D:1)
  4 endoplasms
  4 giant cockroaches
  A goblin (D:3)
  6 hobgoblins
  5 jackals
  7 kobolds
  3 quokkas
  A ball python (D:2)
  4 bats
  A frilled lizard (D:2)
  7 rats
48 creatures vanquished.

Notes
Turn   | Place    | Note
-------+----------+-------------------------------------------
     0 | D:1      | qw the Tengu Warper began the quest for the Orb.
     0 | D:1      | Reached XP level 1. HP: 12/12 MP: 4/4
     0 | D:1      | 0 ||| qw: Version: 0.1-a-89-g26bdef1
     0 | D:1      | 0 ||| qw: Game counter: 461
     0 | D:1      | 0 ||| qw: Always use a shield: true
     0 | D:1      | 0 ||| qw: God list: Okawaru
     0 | D:1      | 0 ||| qw: Allow faded altars: false
     0 | D:1      | 0 ||| qw: Do Orc after D:15 true
     0 | D:1      | 0 ||| qw: Do second Lair branch before Depths: true
     0 | D:1      | 0 ||| qw: Lair rune preference: random
     0 | D:1      | 0 ||| qw: Plans: Normal
     0 | D:1      | 0 ||| PLANNING D:1-11
   108 | D:1      | 108 ||| Stepping ~*~*~tactically~*~*~ (stealth).
   109 | D:1      | 109 ||| Stepping ~*~*~tactically~*~*~ (stealth).
   110 | D:1      | 110 ||| Stepping ~*~*~tactically~*~*~ (stealth).
   111 | D:1      | 111 ||| Stepping ~*~*~tactically~*~*~ (stealth).
   112 | D:1      | 112 ||| Stepping ~*~*~tactically~*~*~ (stealth).
   114 | D:1      | 114 ||| Stepping ~*~*~tactically~*~*~ (stealth).
   118 | D:1      | Found a faded altar of an unknown god.
   122 | D:1      | 122 ||| Stepping ~*~*~tactically~*~*~ (stealth).
   123 | D:1      | 123 ||| Stepping ~*~*~tactically~*~*~ (stealth).
   125 | D:1      | 125 ||| Stepping ~*~*~tactically~*~*~ (stealth).
   212 | D:1      | Reached skill level 3 in Axes
   212 | D:1      | Reached XP level 2. HP: 17/17 MP: 6/6
   344 | D:1      | 344 ||| Stepping ~*~*~tactically~*~*~ (stealth).
   626 | D:1      | Reached XP level 3. HP: 21/21 MP: 7/7
  1016 | D:1      | 1016 ||| UPGRADING to +0 ring mail.
  1026 | D:1      | 1026 ||| DROPPING +0 leather armour.
  1027 | D:1      | 1027 ||| UPGRADING to +0 scale mail.
  1037 | D:1      | 1037 ||| DROPPING +0 ring mail.
  1038 | D:1      | 1038 ||| UPGRADING to ring of resist corrosion.
  1039 | D:1      | 1039 ||| DROPPING ring of wizardry.
  1040 | D:1      | 1040 ||| READING scroll labelled NUTUFR KUMM.
  1041 | D:1      | 1041 ||| READING 2 scrolls labelled VYOCSI MULO.
  1042 | D:1      | 1042 ||| READING scroll labelled NUDOARHEITE.
  1043 | D:1      | 1043 ||| DROPPING scroll of blinking.
  1156 | D:2      | Reached skill level 4 in Axes
  1347 | D:2      | 1347 ||| Stepping ~*~*~tactically~*~*~ (stealth).
  1415 | D:2      | Noticed Jessica
  1417 | D:2      | Killed Jessica
  1418 | D:2      | Reached XP level 4. HP: 9/26 MP: 8/8
  1431 | D:2      | 1431 ||| FLEEEEING.
  1432 | D:2      | 1432 ||| FLEEEEING.
  1433 | D:2      | 1433 ||| FLEEEEING.
  1437 | D:2      | 1437 ||| FLEEEEING.
  1438 | D:2      | 1438 ||| FLEEEEING.
  1439 | D:2      | 1439 ||| FLEEEEING.
  1440 | D:2      | 1440 ||| FLEEEEING.
  1441 | D:2      | 1441 ||| FLEEEEING.
  1442 | D:2      | 1442 ||| FLEEEEING.
  1443 | D:2      | 1443 ||| FLEEEEING.
  1444 | D:2      | 1444 ||| FLEEEEING.
  1445 | D:2      | 1445 ||| FLEEEEING.
  1446 | D:2      | 1446 ||| FLEEEEING.
  1447 | D:2      | 1447 ||| FLEEEEING.
  1448 | D:2      | 1448 ||| FLEEEEING.
  1449 | D:2      | 1449 ||| FLEEEEING.
  1450 | D:2      | 1450 ||| FLEEEEING.
  1451 | D:2      | 1451 ||| FLEEEEING.
  1452 | D:2      | 1452 ||| FLEEEEING.
  1453 | D:2      | 1453 ||| FLEEEEING.
  1454 | D:2      | 1454 ||| FLEEEEING.
  1455 | D:2      | 1455 ||| FLEEEEING.
  1456 | D:2      | 1456 ||| FLEEEEING.
  1460 | D:2      | 1460 ||| FLEEEEING.
  1461 | D:2      | 1461 ||| STAIRDANCE
  1630 | D:2      | Reached skill level 5 in Axes
  1992 | D:2      | 1992 ||| Stepping ~*~*~tactically~*~*~ (stealth).
  2035 | D:2      | 2035 ||| Stepping ~*~*~tactically~*~*~ (stealth).
  2218 | D:2      | Found a runed translucent door.
  2219 | D:2      | Noticed Crazy Yiuf
  2412 | D:2      | 2412 ||| READING scroll labelled DURUAT PINIDUR.
  2413 | D:2      | 2413 ||| READING scroll labelled VOT CIHOEHOKOC.
  2532 | D:2      | 2532 ||| DRINKING 2 smoky blue potions.
  2533 | D:2      | 2533 ||| DRINKING 2 bubbling green potions.
  2637 | D:2      | 2637 ||| READING 2 scrolls of identify.
  2637 | D:2      | 2637 ||| IDENTIFYING puce potion
  2638 | D:2      | 2638 ||| DROPPING potion of degeneration.
  2639 | D:2      | 2639 ||| DROPPING potion of berserk rage.
  2772 | D:3      | HP: 6/26 [gnoll/+0 flail of protection (9)]
  2773 | D:3      | Slain by a gnoll

Levels and vault maps discovered:
D:1:      giann_wishing_wells, layout_basic, ebering_ecumenical_altar_box
D:2:      layout_loops_ring, uniq_crazy_yiuf_cottage, uniq_jessica
D:3:      layout_loops_ring, grunt_ministairs_1, minmay_misc_feat_chi,
          kennysheep_cluttered_room, minmay_pentomino_pile, uniq_natasha,
          uniq_sigmund

Skill      XL: |  1  2  3  4 |
---------------+-------------+-----
Axes           | 3 4 5 |  5.2
Fighting       | |  2.0
Throwing       | |  1.0
Armour         | |  1.1
Dodging        | |  2.1
Spellcasting   | |  2.0
Translocations | |  2.4

Action                   |  1- 3 |  4- 6 || total
-------------------------+-------+-------++-------
Melee: Hand axe          |    60 |    52 ||   112
       Kick              |    12 |    12 ||    24
       Peck              |     7 |     7 ||    14
       Punch             |       |     1 ||     1
Throw: Boomerang         |     7 |       ||     7
  Use: Scroll            |     3 |     3 ||     6
       Potion            |       |     2 ||     2
Armor: Leather armour    |     9 |       ||     9
       Scale mail        |     7 |    19 ||    26
Dodge: Dodged            |    22 |    20 ||    42

Table legend:
 A = Non-vault XP
 B = Vault XP
 C = Vault XP percentage of total XP
 D = Non-vault monster count
 E = Vault monster count
 F = Vault count percentage of total count
                 A         B        C        D         E       F
            +---------+---------+-------+---------+---------+-------
      Total |     104 |      39 |  27.3 |      46 |       2 |   4.2
            +---------+---------+-------+---------+---------+-------
        D:1 |      39 |       0 |   0.0 |      22 |       0 |   0.0
        D:2 |      64 |      37 |  36.6 |      23 |       1 |   4.2
        D:3 |       1 |       2 |  66.7 |       1 |       1 |  50.0
            +---------+---------+-------+---------+---------+-------
